[ AOE2 MATCH · #506250775 ]
UnrankedKoreans vs Persians
Player's team · LOSS
Rival team · WIN
[ REPLAY ANALYSIS · EXTRACTED FROM THE RECORDED GAME ]
Feudal
18:50
Castle
40:37
Imperial
—
| APM avg | 23.5 |
| APM peak | 45 |
| eAPM avg | 9.0 |
| Villagers / military | 106 / 66 |
Focus
⚔️ 26.3% · 🌾 73.7%
War Wagon ×30 · Scout Cavalry ×18 · Skirmisher ×8 · Iron Pagoda ×8 · Archer ×2
Feudal
11:14
Castle
34:36
Imperial
59:20
| APM avg | 23.1 |
| APM peak | 105 |
| eAPM avg | 14.6 |
| Villagers / military | 115 / 107 |
Focus
⚔️ 24.0% · 🌾 76.0%
Archer ×50 · Knight ×42 · Spearman ×9 · Trebuchet (Packed) ×3 · Battering Ram ×2 · War Elephant ×1
Match map
Initial resources + every placement click. Lines = walls · curves = elevation contours. ◆ gold · ⬟ stone · ● berries · ✦ relic · ◌ wall gap
Your base· Open — unwalled flank
Shakkur's base· Open — unwalled flank
Smoothed initial terrain · ◌ = detected wall gap · hover for details
Inputs per minute
— ParatyBrasil - - Shakkur
Build order — ParatyBrasil
First 150 of 250 actions detected
| 0:01 | Queue | Villager (Male) |
| 0:01 | Queue | Villager (Male) |
| 0:02 | Queue | Villager (Male) |
| 0:02 | Queue | Villager (Male) |
| 0:02 | Queue | Villager (Male) |
| 0:02 | Queue | Villager (Male) |
| 0:06 | Build | House |
| 1:00 | Build | House |
| 1:04 | Build | House |
| 1:05 | Build | House |
| 1:23 | Research | Loom |
| 1:44 | Queue | Villager (Male) |
| 1:44 | Queue | Villager (Male) |
| 1:44 | Queue | Villager (Male) |
| 2:52 | Queue | Villager (Male) |
| 2:52 | Queue | Villager (Male) |
| 2:52 | Queue | Villager (Male) |
| 2:53 | Queue | Villager (Male) |
| 3:18 | Queue | Villager (Male) |
| 3:18 | Queue | Villager (Male) |
| 3:18 | Queue | Villager (Male) |
| 3:51 | Build | Lumber Camp |
| 3:58 | Queue | Villager (Male) |
| 3:59 | Queue | Villager (Male) |
| 3:59 | Queue | Villager (Male) |
| 4:00 | Queue | Villager (Male) |
| 4:00 | Queue | Villager (Male) |
| 4:00 | Queue | Villager (Male) |
| 4:51 | Queue | Villager (Male) |
| 4:51 | Queue | Villager (Male) |
| 4:52 | Queue | Villager (Male) |
| 4:52 | Queue | Villager (Male) |
| 5:36 | Queue | Villager (Male) |
| 5:37 | Queue | Villager (Male) |
| 5:37 | Queue | Villager (Male) |
| 5:37 | Queue | Villager (Male) |
| 6:37 | Queue | Villager (Male) |
| 6:37 | Queue | Villager (Male) |
| 6:37 | Queue | Villager (Male) |
| 7:29 | Queue | Villager (Male) |
| 7:29 | Queue | Villager (Male) |
| 7:29 | Queue | Villager (Male) |
| 7:30 | Queue | Villager (Male) |
| 7:41 | Build | Mill |
| 9:13 | Queue | Villager (Male) |
| 9:14 | Queue | Villager (Male) |
| 9:19 | Build | House |
| 10:01 | Build | Mill |
| 10:11 | Queue | Villager (Male) |
| 11:38 | Queue | Villager (Male) |
| 11:38 | Queue | Villager (Male) |
| 11:38 | Queue | Villager (Male) |
| 12:06 | Build | Lumber Camp |
| 12:22 | Build | Farm |
| 12:25 | Build | Farm |
| 15:01 | Build | Town Center |
| 15:19 | Build | Lumber Camp |
| 16:40 | Research | Feudal Age |
| 18:15 | Build | Barracks |
| 18:20 | Build | House |
| 18:20 | Build | House |
| 18:21 | Build | House |
| 18:22 | Build | House |
| 18:50 | Age | Feudal Age |
| 18:55 | Queue | Villager (Male) |
| 18:55 | Queue | Villager (Male) |
| 21:15 | Build | Stable |
| 21:20 | Build | Archery Range |
| 21:46 | Build | House |
| 22:25 | Build | House |
| 22:59 | Build | Town Center |
| 23:25 | Queue | Scout Cavalry |
| 23:25 | Queue | Scout Cavalry |
| 23:32 | Queue | Archer |
| 23:32 | Queue | Archer |
| 24:27 | Queue | Scout Cavalry |
| 24:27 | Queue | Scout Cavalry |
| 24:31 | Build | Farm |
| 24:31 | Build | Farm |
| 24:32 | Build | Farm |
| 24:32 | Build | Farm |
| 24:32 | Build | Farm |
| 24:32 | Build | Farm |
| 24:33 | Build | Farm |
| 24:33 | Build | Farm |
| 24:33 | Build | Farm |
| 24:38 | Queue | Villager (Male) |
| 24:38 | Queue | Villager (Male) |
| 24:38 | Queue | Villager (Male) |
| 25:03 | Queue | Villager (Male) |
| 25:03 | Queue | Villager (Male) |
| 26:12 | Queue | Scout Cavalry |
| 26:12 | Queue | Scout Cavalry |
| 26:12 | Queue | Scout Cavalry |
| 26:57 | Queue | Villager (Male) |
| 26:57 | Queue | Villager (Male) |
| 27:40 | Queue | Scout Cavalry |
| 27:41 | Queue | Scout Cavalry |
| 28:21 | Queue | Scout Cavalry |
| 28:22 | Queue | Scout Cavalry |
| 29:54 | Queue | Scout Cavalry |
| 29:54 | Queue | Scout Cavalry |
| 30:10 | Build | Mining Camp |
| 30:48 | Queue | Skirmisher |
| 30:48 | Queue | Skirmisher |
| 30:49 | Queue | Skirmisher |
| 30:49 | Queue | Skirmisher |
| 30:49 | Queue | Skirmisher |
| 30:49 | Queue | Skirmisher |
| 32:25 | Queue | Scout Cavalry |
| 32:25 | Queue | Scout Cavalry |
| 32:44 | Queue | Scout Cavalry |
| 32:45 | Queue | Scout Cavalry |
| 32:45 | Queue | Scout Cavalry |
| 33:14 | Queue | Skirmisher |
| 33:14 | Queue | Skirmisher |
| 33:33 | Queue | Villager (Male) |
| 33:33 | Queue | Villager (Male) |
| 33:34 | Queue | Villager (Male) |
| 33:34 | Queue | Villager (Male) |
| 33:34 | Queue | Villager (Male) |
| 33:56 | Build | Lumber Camp |
| 35:06 | Build | Farm |
| 35:08 | Build | Mill |
| 35:10 | Build | Farm |
| 35:11 | Build | Farm |
| 35:11 | Build | Farm |
| 35:11 | Build | Farm |
| 35:11 | Build | Farm |
| 35:12 | Build | Farm |
| 35:12 | Build | Farm |
| 35:22 | Build | Market |
| 35:26 | Build | Blacksmith |
| 37:57 | Research | Castle Age |
| 38:21 | Research | Double-Bit Axe |
| 38:46 | Queue | Villager (Male) |
| 38:46 | Queue | Villager (Male) |
| 38:47 | Queue | Villager (Male) |
| 40:37 | Age | Castle Age |
| 40:50 | Build | Siege Workshop |
| 41:52 | Build | Town Center |
| 42:17 | Build | Town Center |
| 43:00 | Queue | Iron Pagoda |
| 43:52 | Queue | Villager (Male) |
| 43:52 | Queue | Villager (Male) |
| 43:53 | Queue | Villager (Male) |
| 43:53 | Queue | Villager (Male) |
| 44:06 | Build | Farm |
| 44:08 | Build | Farm |
| 44:27 | Queue | Villager (Male) |
Build order — Shakkur
First 150 of 303 actions detected
| 0:01 | Queue | Villager (Male) |
| 0:04 | Build | House |
| 0:05 | Build | House |
| 0:32 | Queue | Villager (Male) |
| 0:33 | Queue | Villager (Male) |
| 0:33 | Queue | Villager (Male) |
| 0:48 | Queue | Villager (Male) |
| 1:37 | Queue | Villager (Male) |
| 1:54 | Build | Lumber Camp |
| 2:24 | Queue | Villager (Male) |
| 2:29 | Queue | Villager (Male) |
| 2:57 | Queue | Villager (Male) |
| 3:16 | Build | Mill |
| 3:19 | Queue | Villager (Male) |
| 3:36 | Build | House |
| 3:45 | Queue | Villager (Male) |
| 4:08 | Queue | Villager (Male) |
| 4:41 | Queue | Villager (Male) |
| 5:10 | Queue | Villager (Male) |
| 5:31 | Queue | Villager (Male) |
| 6:15 | Queue | Villager (Male) |
| 6:17 | Research | Loom |
| 8:03 | Build | Town Center |
| 8:13 | Build | Palisade Wall |
| 9:10 | Research | Feudal Age |
| 11:14 | Age | Feudal Age |
| 11:16 | Queue | Villager (Male) |
| 11:16 | Queue | Villager (Male) |
| 11:40 | Queue | Villager (Male) |
| 11:45 | Queue | Villager (Male) |
| 12:40 | Build | Barracks |
| 13:35 | Build | House |
| 13:40 | Research | Town Watch |
| 14:29 | Research | Wheelbarrow |
| 14:43 | Queue | Villager (Male) |
| 16:07 | Queue | Villager (Male) |
| 16:07 | Queue | Villager (Male) |
| 16:11 | Research | Horse Collar |
| 17:06 | Build | Town Center |
| 17:36 | Build | Farm |
| 17:38 | Build | Farm |
| 18:06 | Research | Double-Bit Axe |
| 18:47 | Queue | Villager (Male) |
| 18:48 | Queue | Villager (Male) |
| 19:20 | Build | Farm |
| 19:57 | Queue | Villager (Male) |
| 20:35 | Queue | Villager (Male) |
| 21:18 | Build | Farm |
| 21:18 | Build | Farm |
| 21:18 | Build | Farm |
| 21:19 | Build | Farm |
| 21:19 | Build | Farm |
| 21:31 | Queue | Villager (Male) |
| 21:38 | Build | Farm |
| 21:39 | Build | Farm |
| 22:17 | Queue | Villager (Male) |
| 22:42 | Queue | Villager (Male) |
| 23:15 | Queue | Villager (Male) |
| 23:20 | Build | Archery Range |
| 24:07 | Queue | Archer |
| 24:13 | Queue | Villager (Male) |
| 24:51 | Queue | Archer |
| 25:00 | Build | House |
| 25:09 | Queue | Villager (Male) |
| 25:42 | Queue | Archer |
| 25:48 | Build | Lumber Camp |
| 25:51 | Queue | Villager (Male) |
| 25:51 | Queue | Villager (Male) |
| 26:02 | Queue | Archer |
| 26:21 | Queue | Spearman |
| 26:25 | Queue | Spearman |
| 26:52 | Build | House |
| 26:59 | Queue | Archer |
| 26:59 | Queue | Archer |
| 27:09 | Queue | Spearman |
| 27:50 | Queue | Spearman |
| 27:59 | Queue | Archer |
| 28:45 | Queue | Archer ×4 |
| 29:15 | Build | House |
| 29:16 | Build | House |
| 29:20 | Queue | Villager (Male) |
| 29:20 | Queue | Villager (Male) |
| 29:24 | Build | House |
| 29:24 | Build | House |
| 29:24 | Build | House |
| 29:28 | Queue | Archer ×2 |
| 29:50 | Queue | Spearman |
| 30:34 | Build | Archery Range |
| 30:34 | Build | Archery Range |
| 30:49 | Queue | Spearman |
| 30:49 | Queue | Spearman |
| 31:23 | Build | Blacksmith |
| 32:10 | Research | Castle Age |
| 33:20 | Queue | Archer |
| 33:21 | Queue | Archer |
| 33:26 | Research | Fletching |
| 33:26 | Research | Fletching |
| 33:33 | Build | Farm |
| 33:45 | Research | Padded Archer Armor |
| 33:47 | Queue | Spearman |
| 34:10 | Queue | Archer |
| 34:11 | Queue | Archer |
| 34:30 | Queue | Archer |
| 34:36 | Age | Castle Age |
| 34:58 | Research | Crossbowman (upgrade) |
| 35:02 | Queue | Archer |
| 35:05 | Queue | Villager (Male) |
| 35:16 | Build | Market |
| 35:19 | Queue | Villager (Male) |
| 35:27 | Queue | Villager (Male) |
| 35:28 | Queue | Villager (Male) |
| 35:37 | Queue | Archer |
| 35:39 | Queue | Villager (Male) |
| 35:39 | Queue | Villager (Male) |
| 35:54 | Queue | Archer |
| 36:06 | Queue | Villager (Male) |
| 36:07 | Queue | Villager (Male) |
| 36:10 | Queue | Villager (Male) |
| 36:11 | Build | Farm |
| 36:24 | Queue | Archer ×5 |
| 36:38 | Queue | Archer ×2 |
| 36:44 | Build | Farm |
| 36:44 | Build | Farm |
| 36:47 | Queue | Villager (Male) |
| 36:58 | Queue | Archer |
| 37:20 | Build | Town Center |
| 37:29 | Queue | Archer ×3 |
| 38:00 | Build | House |
| 38:00 | Build | House |
| 38:00 | Build | House |
| 38:00 | Build | House |
| 38:01 | Build | House |
| 38:03 | Research | Bodkin Arrow |
| 38:30 | Queue | Villager (Male) |
| 38:31 | Queue | Villager (Male) |
| 38:35 | Queue | Villager (Male) |
| 38:35 | Queue | Villager (Male) |
| 38:35 | Queue | Villager (Male) |
| 38:45 | Queue | Villager (Male) |
| 38:48 | Queue | Villager (Male) |
| 38:56 | Queue | Archer ×2 |
| 39:13 | Queue | Spearman |
| 39:18 | Research | Heavy Plow |
| 39:21 | Research | Bow Saw |
| 39:44 | Queue | Villager (Male) |
| 39:45 | Queue | Villager (Male) |
| 39:46 | Build | Farm |
| 39:47 | Queue | Villager (Male) |
| 39:49 | Queue | Villager (Male) |
| 40:33 | Queue | Archer |
Match timeline
| 8:13 | Shakkur · wall_segment Palisade Wall x1 |
| 11:14 | Shakkur · age_up feudal |
| 12:40 | Shakkur · first_building Barracks |
| 18:15 | ParatyBrasil · first_building Barracks |
| 18:50 | ParatyBrasil · age_up feudal |
| 21:15 | ParatyBrasil · first_building Stable |
| 21:20 | ParatyBrasil · first_building Archery Range |
| 23:20 | Shakkur · first_building Archery Range |
| 34:36 | Shakkur · age_up castle |
| 36:16 | Shakkur · first_market_sell 100 wood |
| 37:08 | Shakkur · first_market_buy 100 stone |
| 40:37 | ParatyBrasil · age_up castle |
| 40:50 | ParatyBrasil · first_building Siege Workshop |
| 41:39 | ParatyBrasil · first_market_buy 100 stone |
| 42:05 | ParatyBrasil · first_market_sell 100 wood |
| 45:28 | Shakkur · first_building Castle |
| 49:57 | Shakkur · first_building Siege Workshop |
| 50:20 | Shakkur · first_building Stable |
| 51:52 | ParatyBrasil · first_building Castle |
| 59:20 | Shakkur · age_up imperial |
| 72:11 | ParatyBrasil · resign |
[ AI ANALYSIS · 1 CREDIT ]
What really happened in this match?
Wolo.gg analyzes every decision: build order, eco, micro, common mistakes by bracket. Personalized analysis on WhatsApp or Discord in 30 seconds.
Civ guide
Koreans
Perfil
Jugador #248235